 Dungeon Crawl Stone Soup version 0.30-a0-622-gddc90eaa04 (webtiles) character file.

Game seed: 7390542154066357851

167 themarg the Insei (level 5, 0/61 HPs)
             Began as a Gnoll Transmuter on Jan 11, 2023.
             Succumbed to a kobold's poison
             ... in a sewer.
             The game lasted 00:06:00 (2047 turns).

themarg the Insei (Gnoll Transmuter)                Turns: 2047, Time: 00:06:00

Health: 0/61       AC: 22    Str:  8 (9)  XL:     5   Next: 48%
Magic:  7/12       EV:  2    Int: 23 (24) God:
Gold:   112        SH:  0    Dex:  8 (11) Spells: 8/14 levels left

rFire   . . .      SeeInvis .      - Unarmed
rCold   . . .      Faith    .    (no shield)
rNeg    + . .      Spirit   .    (body armour currently unavailable)
rPois   +          Reflect  .    (helmet currently unavailable)
rElec   .          Harm     .    (cloak currently unavailable)
rCorr   .          Rampage  .    (gloves currently unavailable)
Will    .....      NoTele   +    (boots currently unavailable)
Stlth   +                        (no amulet)
HPRegen 0.30/turn                o - ring of positive energy
MPRegen 0.13/turn                u - +6 ring of intelligence

@: brilliant, lethally poisoned (0 -> -1), tree-form, wereblooded
A: stationary, stasis, torment immunity, boosted hp, (fangs 1), strong nose,
distributed training, (talons 1), clever 1
a: no special abilities


You were in a sewer.
You were a tree.
You visited 1 branch of the dungeon, and saw 3 of its levels.
You also visited: Sewer.

You collected 112 gold pieces.

Inventory:

Missiles
 g - 26 stones
Armour
 a - a +0 robe (melded)
Jewellery
 o - a ring of positive energy (left branch)
 u - a +6 ring of intelligence (right branch)
Scrolls
 c - 3 scrolls of identify {unknown}
 d - 3 scrolls of teleportation {unknown}
 e - a scroll of immolation {unknown}
 f - a scroll of magic mapping {unknown}
 i - a scroll of noise {unknown}
 j - a scroll of torment {unknown}
 k - 2 scrolls of blinking {unknown}
 l - a scroll of vulnerability {unknown}
 q - a scroll of poison {unknown}
Potions
 h - a potion of curing {unknown}
 r - a potion of heal wounds {unknown}
 s - a potion of attraction {unknown}
 t - a potion of brilliance


   Skills:
 + Level 3.0 Fighting
 + Level 1.6 Short Blades
 + Level 1.6 Long Blades
 + Level 1.6 Axes
 + Level 1.6 Maces & Flails
 + Level 1.6 Polearms
 + Level 1.6 Staves
 + Level 1.6 Ranged Weapons
 + Level 1.6 Throwing
 + Level 1.6 Armour
 + Level 4.8 Dodging
 + Level 1.6 Stealth
 + Level 1.6 Shields
 + Level 6.7 Unarmed Combat
 + Level 5.2 Spellcasting
 + Level 1.2 Conjurations
 + Level 1.2 Hexes
 + Level 1.2 Summonings
 + Level 1.2 Necromancy
 + Level 1.2 Translocations
 + Level 4.0 Transmutations
 + Level 1.2 Fire Magic
 + Level 1.2 Ice Magic
 + Level 1.2 Air Magic
 + Level 1.2 Earth Magic
 + Level 1.2 Poison Magic
 + Level 1.8 Invocations
 + Level 1.6 Evocations


You had 8 spell levels left.
You knew the following spells:

 Your Spells              Type           Power      Damage    Failure   Level
a - Beastly Appendage     Tmut           72%        N/A       1%          1
b - Wereblood             Tmut           36%        N/A       2%          2
c - Spider Form           Tmut/Pois      27%        N/A       10%         3

Your spell library contained the following spells:

 Spells                   Type           Power      Damage    Failure   Level
 Ice Form                 Ice/Tmut       27%        N/A       30%         4


Dungeon Overview and Level Annotations

Branches:
Dungeon (3/15)              Sewer (1/1)

Altars:

Annotations:
D:3 4 exclusions


Innate Abilities, Weirdness & Mutations

You are a tree.
Your roots penetrate the ground, keeping you stationary.
You cannot be teleported.
You are immune to unholy pain and torment.
Your maximum health is greatly increased.
Your equipment is partially melded.
((You have very sharp teeth.))
Your uncanny sense of smell can sniff out nearby items.
Your experience applies equally to all skills.
((You have sharp toenails.))
Your mind is acute. (Int +4, Str/Dex -1)


Message History

The kobold barely misses you.
Really quaff the potion of lignification?
Your transformation has ended.
Your +0 robe unmelds from your body.
You turn into a tree.
Your +0 robe melds into your body.
Your roots penetrate the ground.
You feel sick.
You feel a bit better.
You kill the kobold brigand!
The kobold brigand hits you but does no damage.
The kobold hits you but does no damage.
The kobold brigand hits you but does no damage.
Your Fighting skill increases to level 3!
Your Transmutations skill increases to level 4!
You have reached level 5!
You barely miss the kobold brigand.
The kobold brigand is lightly wounded.
You feel sick.
The kobold brigand hits you with a +0 whip.
* * * LOW HITPOINT WARNING * * *
The kobold hits you but does no damage.
The kobold brigand hits you with a +0 club.
* * * LOW HITPOINT WARNING * * *
It was a potion of brilliance.
You feel clever all of a sudden.
You creak as the wereblood boils in your veins!
You feel sick.
The kobold brigand hits you with a +0 whip!
* * * LOW HITPOINT WARNING * * *
The kobold completely misses you.
The kobold brigand hits you but does no damage.
It was a potion of degeneration.
There was something very wrong with that liquid.
You feel weakened.
You feel dopey.
You feel clumsy.
* * * LOW HITPOINT WARNING * * *
You feel sick.
The kobold brigand splashes around in the water.
The kobold hits you but does no damage.
It was a potion of mutation.
You feel extremely strange.
You feel stupid.
You feel clever.
Your toenails lengthen and sharpen.
You feel clever.
You die...

##.....~~~~~≈~
#.....~~~#~≈
##.P..P~~#
#....†.~#
#......P#
#.......#
##...~.~#
#...~~~#
###K♣K~#
##KK## .K!K#
#!.?.# #..∩.#
#..!.# ######


You could see 2 kobold brigands and 4 kobolds.

Vanquished Creatures
  A kobold brigand (Sewer)
  4 adders
  2 dart slugs
  3 endoplasms
  6 giant cockroaches
  4 goblins
  3 hobgoblins
  3 jackals (D:1)
  5 quokkas
  4 bats
  9 frilled lizards
  7 kobolds
  3 rats
54 creatures vanquished.

Vanquished Creatures (others)
  4 plants (D:2)
4 creatures vanquished.

Grand Total: 58 creatures vanquished

Notes
Turn   | Place    | Note
-------+----------+-------------------------------------------
     0 | D:1      | themarg the Gnoll Transmuter began the quest for the Orb.
     0 | D:1      | Reached XP level 1. HP: 17/17 MP: 6/6
   334 | D:1      | Reached XP level 2. HP: 23/23 MP: 5/7
   337 | D:1      | Learned a level 2 spell: Wereblood
   733 | D:1      | Found a faded altar of an unknown god.
  1038 | D:2      | Reached skill level 5 in Spellcasting
  1038 | D:2      | Reached XP level 3. HP: 25/28 MP: 6/9
  1042 | D:2      | Learned a level 3 spell: Spider Form
  1085 | D:2      | Reached skill level 1 in Invocations
  1126 | D:2      | Reached skill level 1 in Short Blades
  1126 | D:2      | Reached skill level 1 in Long Blades
  1126 | D:2      | Reached skill level 1 in Axes
  1126 | D:2      | Reached skill level 1 in Maces & Flails
  1126 | D:2      | Reached skill level 1 in Polearms
  1126 | D:2      | Reached skill level 1 in Staves
  1126 | D:2      | Reached skill level 1 in Ranged Weapons
  1126 | D:2      | Reached skill level 1 in Throwing
  1126 | D:2      | Reached skill level 1 in Armour
  1126 | D:2      | Reached skill level 1 in Stealth
  1126 | D:2      | Reached skill level 1 in Shields
  1126 | D:2      | Reached skill level 1 in Evocations
  1344 | D:2      | Reached XP level 4. HP: 33/34 MP: 9/11
  1940 | D:3      | Found a glowing drain.
  1949 | D:3      | Reached skill level 1 in Conjurations
  1949 | D:3      | Reached skill level 1 in Hexes
  1949 | D:3      | Reached skill level 1 in Summonings
  1949 | D:3      | Reached skill level 1 in Necromancy
  1949 | D:3      | Reached skill level 1 in Translocations
  1949 | D:3      | Reached skill level 1 in Fire Magic
  1949 | D:3      | Reached skill level 1 in Ice Magic
  1949 | D:3      | Reached skill level 1 in Air Magic
  1949 | D:3      | Reached skill level 1 in Earth Magic
  1949 | D:3      | Reached skill level 1 in Poison Magic
  1960 | Sewer    | Entered a sewer
  2032 | Sewer    | Noticed a kobold brigand
  2032 | Sewer    | Noticed a kobold brigand
  2032 | Sewer    | Noticed a kobold brigand
  2043 | Sewer    | Killed a kobold brigand
  2044 | Sewer    | Reached XP level 5. HP: 14/41 MP: 6/12
  2045 | Sewer    | HP: 2/61 [kobold brigand/+0 whip (7)]
  2047 | Sewer    | Gained mutation: You are dopey. (Int -2) [potion of
                  | mutation]
  2047 | Sewer    | Lost mutation: You are dopey. (Int -2) [potion of mutation]
  2047 | Sewer    | Gained mutation: You have sharp toenails. [potion of
                  | mutation]
  2047 | Sewer    | Gained mutation: Your mind is acute. (Int +4, Str/Dex -1)
                  | [potion of mutation]
  2047 | Sewer    | Succumbed to a kobold's poison

Illustrated notes

Levels and vault maps discovered:
D:1:      dpeg_arrival_long_road, layout_basic, ebering_ecumenical_altar_mist
D:2:      layout_loops_cross, minmay_lizard_king
D:3:      layout_basic, hellmonk_okawaru_the_only_friend_you_need,
          portal_sewer_entry_f, guppyfry_early_lair_pool
Sewer:    kennysheep_pipe_town

Skill      XL: |  1  2  3  4 |
---------------+-------------+-----
Spellcasting   | 5 |  5.2
Invocations    | 1 |  1.8
Short Blades   | 1 |  1.6
Long Blades    | 1 |  1.6
Axes           | 1 |  1.6
Maces & Flails | 1 |  1.6
Polearms       | 1 |  1.6
Staves         | 1 |  1.6
Ranged Weapons | 1 |  1.6
Throwing       | 1 |  1.6
Armour         | 1 |  1.6
Stealth        | 1 |  1.6
Shields        | 1 |  1.6
Evocations     | 1 |  1.6
Conjurations   | 1 |  1.2
Hexes          | 1 |  1.2
Summonings     | 1 |  1.2
Necromancy     | 1 |  1.2
Translocations | 1 |  1.2
Fire Magic     | 1 |  1.2
Ice Magic      | 1 |  1.2
Air Magic      | 1 |  1.2
Earth Magic    | 1 |  1.2
Poison Magic   | 1 |  1.2
Fighting       | 3 |  3.0
Transmutations | 4 |  4.0
Dodging        | |  4.8
Unarmed Combat | |  6.7

Action                   |  1- 3 |  4- 6 || total
-------------------------+-------+-------++-------
Melee: Unarmed           |    82 |    47 ||   129
       Kick              |    12 |       ||    12
       Bite              |     6 |     1 ||     7
       Headbutt          |     4 |       ||     4
       Punch             |     1 |     1 ||     2
 Cast: Beastly Appendage |    16 |     3 ||    19
       Wereblood         |     2 |     1 ||     3
       Spider Form       |       |     7 ||     7
  Use: Potion            |       |     4 ||     4
 Stab: Sleeping          |       |     2 ||     2
Armor: Robe              |    13 |       ||    13
       Skin              |       |     7 ||     7
Dodge: Dodged            |    48 |    36 ||    84

Table legend: (Time is in decaauts)
 A = Elapsed time spent in this place.
 B = Non-inter-level travel time spent in this place.
 C = Inter-level travel time spent in this place.
 D = Time resting spent in this place.
 E = Time spent auto-exploring this place.
 F = Levels seen in this place.
 G = Mean time per level.
                   A        B        C        D        E       F      G
               +--------+--------+--------+--------+--------+-----+--------+
         Total |   2038 |   2021 |     17 |      0 |   1502 |   4 |  509.5 |
       Dungeon |   1947 |   1930 |     17 |      0 |   1487 |   3 |  649.0 |
         Sewer |     91 |     91 |      0 |      0 |     15 |   1 |   91.0 |
               +--------+--------+--------+--------+--------+-----+--------+

Top non-repeatable levels by time:
     D:1: 1021 daAuts
     D:2: 677 daAuts
     D:3: 248 daAuts
   Sewer: 91 daAuts
